 Dungeon Crawl Stone Soup version 0.27.1-4-g1640c2035a (webtiles) character file.

Game seed: 8033991564746975913

5 infcreate the Covered (level 1, 14/14 HPs)
             Began as a Gargoyle Fighter on Nov 7, 2021.
             Quit the game on level 1 of the Dungeon on Nov 12, 2021.
             The game lasted 00:01:04 (82 turns).

infcreate the Covered (Gargoyle Fighter)              Turns: 82, Time: 00:01:05

Health: 14/14      AC:  9    Str: 19    XL:     1   Next: 80%
Magic:  1/1        EV:  7    Int:  8    God:
Gold:   0          SH:  9    Dex:  9    Spells: 0/0 levels left

rFire    . . .     SeeInvis .   a - +0 flail
rCold    . . .     Faith    .   c - +0 kite shield
rNeg     + . .     Spirit   .   b - +0 scale mail
rPois    ∞         Reflect  .   (no helmet)
rElec    +         Harm     .   (no cloak)
rCorr    .         Rampage  .   (no gloves)
Will     .....                  (no boots)
Stlth    ..........             (no amulet)
HPRegen  0.04/turn              (no ring)
MPRegen  0.07/turn              (no ring)

@: no status effects
A: sickness immunity, AC +2, negative energy resistance 1, electricity
resistance, torment resistance 1, petrification resistance
a: no special abilities


You were on level 1 of the Dungeon.
You visited 1 branch of the dungeon, and saw 1 of its levels.


Innate Abilities, Weirdness & Mutations

You are immune to sickness and miasma.
Your stone body is resilient. (AC +2)
You are immune to poison.
You resist negative energy. (rN+)
You are resistant to electric shocks. (rElec)
You are resistant to unholy torment.
You are immune to petrification.


   Skills:
 + Level 3.4 Fighting
 + Level 2.1 Maces & Flails
 + Level 3.4 Armour
 + Level 3.4 Shields


You couldn't memorise any spells.
You didn't know any spells.
Your spell library was empty.

Inventory:

Hand Weapons
 a - a +0 flail (weapon)
Armour
 b - a +0 scale mail (worn)
 c - a +0 kite shield (worn)
Potions
 d - a potion of might

Dungeon Overview and Level Annotations

Branches:
Dungeon (1/15)

Altars:

...#
#........#
...#
#........#
...#
#........#
...#
#........#
...#
####...###
#...# #...#
#...#######..
#....@..(....
#............
###..........
#..........
#..........
#..........
#........gg
#.........#


You could see a hobgoblin and a goblin (wandering).


Message History

You closely miss the rat. The rat barely misses you.
You thump the rat!
You kill the rat!
No target in view!
You see here a bat corpse.
There is an open door here.
You see here a +0 club.
A kobold comes into view. It is wielding a +0 whip.
The kobold shouts!
A giant cockroach comes into view.
There is an open door here.
You see here a +0 club.
You closely miss the kobold. You block the kobold's attack.
You sock the kobold!
You kill the kobold!
You barely miss the giant cockroach.
The giant cockroach bites you but does no damage.
The giant cockroach barely misses you.
You sock the giant cockroach!
You kill the giant cockroach!
No target in view!
There is an open door, spattered with blood here.
Items here: )) ††.
Found 19 sling bullets.
A hobgoblin comes into view.
The hobgoblin shouts!
A goblin comes into view. It is wielding a +0 dagger.
Welcome back, infcreate the Gargoyle Fighter.
Press ? for a list of commands and other information.
Are you sure you want to abandon this character and quit the game? (Confirm with "yes".)

Action                   || total
-------------------------++-------
Melee: Flail             ||    15
Armor: Scale mail        ||     8
Dodge: Dodged            ||     8
Block: Kite shield       ||     8

Levels and vault maps discovered:
D:1:      dpeg_arrival_simpleton_c, layout_basic

Notes
Turn   | Place    | Note
-------+----------+-------------------------------------------
     0 | D:1      | infcreate the Gargoyle Fighter began the quest for the Orb.
     0 | D:1      | Reached XP level 1. HP: 14/14 MP: 1/1
    82 | D:1      | Quit the game

Vanquished Creatures
  A giant cockroach (D:1)
  A goblin (D:1)
  A kobold (D:1)
  A bat (D:1)
  A rat (D:1)
5 creatures vanquished.

Table legend: (Time is in decaauts)
 A = Elapsed time spent in this place.
 B = Non-inter-level travel time spent in this place.
 C = Inter-level travel time spent in this place.
 D = Time resting spent in this place.
 E = Time spent auto-exploring this place.
 F = Levels seen in this place.
 G = Mean time per level.
                   A        B        C        D        E       F      G
               +--------+--------+--------+--------+--------+-----+--------+
         Total |     90 |     90 |      0 |      0 |     42 |   1 |   90.0 |
       Dungeon |     90 |     90 |      0 |      0 |     42 |   1 |   90.0 |
               +--------+--------+--------+--------+--------+-----+--------+

Top non-repeatable levels by time:
     D:1: 90 daAuts

Table legend:
 A = Non-vault XP
 B = Vault XP
 C = Vault XP percentage of total XP
 D = Non-vault monster count
 E = Vault monster count
 F = Vault count percentage of total count
                 A         B        C        D         E       F
            +---------+---------+-------+---------+---------+-------
      Total |       8 |       0 |   0.0 |       5 |       0 |   0.0
            +---------+---------+-------+---------+---------+-------
        D:1 |       8 |       0 |   0.0 |       5 |       0 |   0.0
            +---------+---------+-------+---------+---------+-------
